 Dungeon Crawl Stone Soup version 0.28.0-45-g0d030f2227 (webtiles) character file.

Game seed: 18281110948518762547

165 dianekeaton the Cudgeller (level 5, -5/45 HPs)
             Began as a Minotaur Berserker on Apr 4, 2022.
             Was a Believer of Trog.
             Splashed by a jelly's acid (9 damage)
             ... on level 4 of the Dungeon.
             The game lasted 00:09:07 (3502 turns).

dianekeaton the Cudgeller (Minotaur Berserker)      Turns: 3502, Time: 00:09:11

Health: -5/45      AC: -5    Str: 24    XL:     5   Next: 22%
Magic:  4/4        EV: 10    Int:  4    God:    Trog [**....]
Gold:   55         SH:  0    Dex:  9    Spells: 4/4 levels left

rFire   . . .      SeeInvis .   h - +0 mace (holy)
rCold   . . .      Faith    .   (no shield)
rNeg    . . .      Spirit   .   j - +0 scale mail
rPois   .          Reflect  .   (helmet restricted)
rElec   .          Harm     .   (no cloak)
rCorr   .          Rampage  .   (no gloves)
Will    .....                   (no boots)
Stlth   ..........              (no amulet)
HPRegen 0.15/turn               (no ring)
MPRegen 0.09/turn               (no ring)

@: corroded
A: horns 2, retaliatory headbutt
a: Renounce Religion, Berserk, Trog's Hand


You were on level 4 of the Dungeon.
You worshipped Trog.
Trog was pleased with you.
You visited 1 branch of the dungeon, and saw 4 of its levels.

You collected 55 gold pieces.

Inventory:

Hand Weapons
 h - a +0 mace of holy wrath (weapon)
Missiles
 d - 95 stones
 f - 2 throwing nets
 k - 6 poisoned darts (quivered)
Armour
 j - a +0 scale mail (worn)
Jewellery
 l - a ring of flight
Scrolls
 i - a scroll of immolation
Potions
 b - 2 potions of degeneration
 c - 2 potions of attraction
 e - a potion of mutation


   Skills:
 - Level 3.6 Fighting
 + Level 7.1 Maces & Flails
 + Level 0.1 Throwing
 - Level 2.4 Armour
 - Level 2.1 Dodging
 - Level 0.1 Stealth


You had 4 spell levels left.
You didn't know any spells.
Your spell library was empty.

Dungeon Overview and Level Annotations

Branches:
Dungeon (4/15)
 Temple: D:4-7

Altars:

Shops:
D:1 *[   D:2 *


Innate Abilities, Weirdness & Mutations

You have a pair of horns on your head.
You reflexively headbutt those who attack you in melee.


Message History

Okay, then.
Okay, then.
As you read the scroll of identify, it crumbles to dust.
b - a potion of degeneration
As you read the scroll of identify, it crumbles to dust.
g - a potion of curing
There is a stone staircase leading down here.
Saving game... please wait.
Welcome back, dianekeaton the Minotaur Berserker.
Trog says: Kill them all!
Press ? for a list of commands and other information.
You climb downwards.
You hear the hiss of flowing sand.
There is an entrance to an ossuary on this level.
Hurry and find it before the portal is buried!
Found a potion of degeneration.
There is a stone staircase leading up here.
b - 2 potions of degeneration (gained 1)
A jelly comes into view.
The jelly barely misses you.
You hit the jelly.
Your hands burn!
The jelly is lightly wounded.
The jelly hits you.
You are splashed with acid.
You hit the jelly. The acid corrodes you!
Your hands burn!
The jelly is heavily wounded.
The jelly hits you but does no damage.
You hit the jelly. The acid corrodes you!
Your hands burn!
The jelly is heavily wounded.
The jelly hits you.
You are splashed with acid!
You are too injured to fight recklessly!
You feel better. The jelly closely misses you. The jelly hits you.
The acid corrodes you!
You are splashed with acid!
* * * LOW HITPOINT WARNING * * *
You hit the jelly.
Your hands burn!
* * * LOW HITPOINT WARNING * * *
You headbutt the jelly, but do no damage.
The jelly is severely wounded.
The jelly hits you.
* * * LOW HITPOINT WARNING * * *
You are splashed with acid!
You die...

#.........#
#........<#
##..#######..# ##..##
#...# ##..## ...... #
##..##### #####
#.##..###..###
##....###.....####.##
#.........###@J.....#
#..#.....## ##....#..
#..####....# ..### .#
##..## ### #..# ####


You could see a jelly.

Vanquished Creatures
  A jelly (D:2)
  An orc priest (D:3)
  Terence (D:3)
  Robin (D:3)
  An adder (D:2)
  3 orcs (D:3)
  9 ball pythons
  3 endoplasms (D:1)
  2 giant cockroaches (D:1)
  11 goblins
  7 hobgoblins
  4 jackals (D:3)
  3 kobolds (D:1)
  2 quokkas (D:1)
  3 bats
  3 frilled lizards
  2 rats (D:1)
57 creatures vanquished.

Notes
Turn   | Place    | Note
-------+----------+-------------------------------------------
     0 | D:1      | dianekeaton the Minotaur Berserker began the quest for the
                  | Orb.
     0 | D:1      | Reached XP level 1. HP: 19/19 MP: 0/0
   161 | D:1      | Reached skill level 4 in Maces & Flails
   262 | D:1      | Reached XP level 2. HP: 21/26 MP: 1/1
   334 | D:1      | Found Wikot's Armour Shop.
   448 | D:1      | Found Tual's General Store.
   860 | D:1      | Found a faded altar of an unknown god.
  1179 | D:1      | Reached skill level 5 in Maces & Flails
  1276 | D:1      | Reached XP level 3. HP: 25/31 MP: 2/2
  1581 | D:2      | Reached ** piety under Trog
  1681 | D:2      | Found Genkoles's Assorted Antiques.
  2055 | D:2      | Reached XP level 4. HP: 19/39 MP: 3/3
  2285 | D:2      | Reached skill level 6 in Maces & Flails
  2513 | D:3      | Noticed Robin
  2599 | D:3      | Killed Robin
  2710 | D:3      | Identified the +0 chain mail of Eye-covered Creativity
                  | {*Corrode rF- MP+9 SInv}
  3024 | D:3      | Reached XP level 5. HP: 44/45 MP: 4/4
  3024 | D:3      | Noticed Terence
  3040 | D:3      | Killed Terence
  3041 | D:3      | Reached skill level 7 in Maces & Flails
  3056 | D:3      | Identified the +3 dagger "Nuwefaom" {holy, Contam rCorr
                  | Str+4}
  3502 | D:4      | Splashed by a jelly's acid

Illustrated notes

Levels and vault maps discovered:
D:1:      shiori_arrival_maze, layout_loops_corners,
          shapermc_ecumenical_altar_hornbeckon, serial_shops, shop, shop_statue
D:2:      layout_loops_ring, serial_shops, nicolae_shop_overgrown_old_shop
D:3:      layout_basic, uniq_terence, uniq_robin
D:4:      layout_layer_cave, mainiacjoe_overflow_24_doors,
          nicolae_ossuary_entry_catacombs, gammafunk_ghost_mausoleum

Skill      XL: |  1  2  3  4  5 |
---------------+----------------+-----
Maces & Flails | 4 5 6 7 |  7.1
Fighting       | |  3.6
Throwing       | |  0.1
Armour         | |  2.4
Dodging        | |  2.1
Stealth        | |  0.1

Action                   |  1- 3 |  4- 6 || total
-------------------------+-------+-------++-------
Melee: Mace              |    75 |    59 ||   134
       Headbutt          |    12 |    12 ||    24
       Punch             |     4 |       ||     4
Throw: Dart              |       |     5 ||     5
Invok: Berserk           |       |     1 ||     1
  Use: Scroll            |     4 |     5 ||     9
       Potion            |     1 |     1 ||     2
Armor: Animal skin       |     9 |       ||     9
       Scale mail        |     4 |    25 ||    29
Dodge: Dodged            |    43 |    34 ||    77
